 Dungeon Crawl Stone Soup version 0.29.1-15-g9cfb28693d (webtiles) character file.

Game seed: 8049718740252391481

70 Thatpatchoflichen the Trooper (level 4, -8/37 HPs)
             Began as a Human Monk on Mar 2, 2023.
             Was a Believer of Ru.
             Mangled by Edmund
             ... wielding a +2 flail of protection
              (10 damage)
             ... on level 4 of the Dungeon.
             The game lasted 00:04:53 (2721 turns).

Thatpatchoflichen the Trooper (Human Monk)          Turns: 2721, Time: 00:04:54

Health: -8/37      AC:  5    Str: 11    XL:     4   Next: 44%
Magic:  4/4        EV: 11    Int: 11    God:    Ru [**....]
Gold:   254        SH:  0    Dex: 17    Spells: 3/3 levels left

rFire   . . .      SeeInvis .   a - +0 falchion
rCold   . . .      Faith    .   (no shield)
rNeg    . . .      Spirit   .   n - +0 ring mail
rPois   .          Reflect  .   (no helmet)
rElec   .          Harm     .   (no cloak)
rCorr   .          Rampage  .   (no gloves)
Will    .....                   (no boots)
Stlth   +.........              (no amulet)
HPRegen 0.12/turn               (no ring)
MPRegen 0.09/turn               (no ring)

@: no status effects
A: inability to use devices
a: Renounce Religion


You were on level 4 of the Dungeon.
You worshipped Ru.
Ru was pleased with you.
You visited 1 branch of the dungeon, and saw 4 of its levels.

You collected 254 gold pieces.

Inventory:

Hand Weapons
 a - a +0 falchion (weapon)
Missiles
 g - 3 poisoned darts (quivered)
Armour
 b - a +0 robe
 n - a +0 ring mail (worn)
Scrolls
 d - a scroll of torment {unknown}
 j - 2 scrolls of identify
 l - a scroll of teleportation {unknown}
Potions
 c - a potion of lignification {unknown}
 f - a potion of flight {unknown}
 h - 3 potions of degeneration {unknown}
 i - 2 potions of mutation {unknown}
 k - 2 potions of attraction {unknown}
 m - 3 potions of curing {unknown}


   Skills:
 + Level 3.6 Fighting
 + Level 3.6 Long Blades
 + Level 1.3 Armour
 + Level 3.5 Dodging
 - Level 2.0 Stealth


You had 3 spell levels left.
You didn't know any spells.
Your spell library was empty.

Dungeon Overview and Level Annotations

Branches:
Dungeon (4/15)
 Temple: D:4-7

Altars:
Fedhas
Ru
Uskayaw
Yredelemnul

Annotations:
D:3 Sigmund
D:4 Edmund


Innate Abilities, Weirdness & Mutations

You cannot study or use magical devices.


Message History

Edmund hits you with a +2 flail of protection!
You hit Edmund but do no damage.
Edmund hits you with a +2 flail of protection!
You hit Edmund but do no damage.
Edmund hits you with a +2 flail of protection.
You focus your inner power and illuminate Edmund in retribution!
You hit Edmund but do no damage.
Edmund hits you with a +2 flail of protection!
You focus your inner power and blind Edmund in retribution!
You hit Edmund but do no damage.
Edmund hits you with a +2 flail of protection.
* * * LOW HITPOINT WARNING * * *
Edmund stops glowing.
Edmund is no longer blind.
Edmund attacks as you move away!
Edmund hits you with a +2 flail of protection.
* * * LOW HITPOINT WARNING * * *
Edmund attacks as you move away! Edmund closely misses you.
You barely miss Edmund.
Edmund hits you with a +2 flail of protection.
* * * LOW HITPOINT WARNING * * *
Edmund barely misses you.
You slash Edmund!
Edmund is lightly wounded.
Edmund misses you.
You closely miss Edmund.
Edmund is lightly wounded.
Edmund hits you with a +2 flail of protection.
* * * LOW HITPOINT WARNING * * *
As you read the scroll labelled BUG WOBBARGH, it crumbles to dust.
It is a scroll of identify.
e - a scroll of fog Edmund closely misses you.
As you read the scroll of fog, it crumbles to dust.
The scroll dissolves into smoke.
Edmund misses you. Edmund attacks as you move away!
Edmund is stunned by your conviction and fails to attack.
Edmund attacks as you move away!
Edmund hits you with a +2 flail of protection!
You die...

.....#..############.......#
#####.#.......)....>........#
........#############.......#
#####.### #.......# #.....#
####.#### #.....# ########.#
#.....# #........#
#.....##########§#####..#
#....>##....§§@@§§# #..#
#.....##.#######§§# #..#
####.###.# #§§# #..# #.# #..#
#..# #.# #>.# #..# ##.# #..#
#..# #..# #..# #''# ##.#
.....


You could see Edmund.

Vanquished Creatures
  2 adders
  A worm (D:2)
  3 dart slugs
  An orc (D:3)
  4 endoplasms
  3 giant cockroaches
  2 goblins
  2 hobgoblins
  2 jackals (D:3)
  A quokka (D:1)
  3 ball pythons
  2 bats (D:1)
  4 frilled lizards
  7 kobolds
  5 rats
42 creatures vanquished.

Notes
Turn   | Place    | Note
-------+----------+-------------------------------------------
     0 | D:1      | Thatpatchoflichen the Human Monk began the quest for the
                  | Orb.
     0 | D:1      | Reached XP level 1. HP: 18/18 MP: 1/1
   380 | D:1      | Reached XP level 2. HP: 24/24 MP: 2/2
   435 | D:1      | Found a faded altar of an unknown god.
   872 | D:2      | Reached XP level 3. HP: 4/29 MP: 3/3
  1495 | D:3      | Reached skill level 1 in Armour
  1847 | D:2      | Reached XP level 4. HP: 35/35 MP: 4/4
  2272 | D:3      | Found a blossoming altar of Fedhas.
  2272 | D:3      | Found a basalt altar of Yredelemnul.
  2346 | D:3      | Noticed Sigmund
  2491 | D:4      | Found a sacrificial altar of Ru.
  2493 | D:4      | Found a hide-covered altar of Uskayaw.
  2499 | D:4      | Became a worshipper of Ru the Awakened
  2517 | D:4      | Gained mutation: You cannot study or use magical devices.
                  | [Ru sacrifice]
  2517 | D:4      | Reached * piety under Ru
  2517 | D:4      | Reached ** piety under Ru
  2693 | D:4      | Noticed Edmund
  2721 | D:4      | Mangled by Edmund

Illustrated notes

Levels and vault maps discovered:
D:1:      scummos_arrival_hexagon, layout_loops_cross,
          shapermc_ecumenical_altar_mp_ritualfount
D:2:      layout_basic, nrook_campfire, wander_ebering_terrifying_dragon_lair
D:3:      layout_rooms, nicolae_overflow_two_pavilions, serial_corexii_hall,
          corexii_hall_statues_i, corexii_hall_statues_t,
          corexii_hall_statues_l, corexii_hall_statues_l, uniq_sigmund,
          uniq_jessica
D:4:      layout_basic, grunt_temple_overflow_open, serial_shops,
          nicolae_diamond_shop, kennysheep_dice, uniq_edmund

Skill      XL: |  1  2  3 |
---------------+----------+-----
Armour         | 1 |  1.3
Fighting       | |  3.6
Long Blades    | |  3.6
Dodging        | |  3.5
Stealth        | |  2.0

Action                   |  1- 3 |  4- 6 || total
-------------------------+-------+-------++-------
Melee: Falchion          |   104 |    47 ||   151
       Punch             |     1 |       ||     1
Invok: Sacrifice Artific |       |     1 ||     1
  Use: Potion            |     1 |       ||     1
       Scroll            |       |     2 ||     2
 Stab: Sleeping          |     2 |       ||     2
Armor: Robe              |     4 |       ||     4
       Leather armour    |    14 |       ||    14
       Ring mail         |       |    16 ||    16
Dodge: Dodged            |    79 |    26 ||   105
